 Dungeon Crawl Stone Soup version 0.18.1-8-gdd0e5ea (webtiles) character file.

47184 Lul the Unseen (level 14, 0/104 HPs)
             Began as a Vampire Enchanter on May 31, 2016.
             Was a High Priest of Ashenzari.
             Slain by a sun demon (7 damage)
             ... summoned by an orc high priest
             ... on level 2 of the Orcish Mines on June 6, 2016.
             The game lasted 02:50:42 (19991 turns).

Lul the Unseen (Vampire Enchanter)                 Turns: 19991, Time: 02:50:43

Health: 0/104      AC: 17    Str:  9    XL:     14   Next: 7%
Magic:  15/27      EV: 21    Int: 18    God:    Ashenzari [*****.]
Gold:   2016       SH:  0    Dex: 17    Spells: 6 memorised, 14 levels left

rFire  + . .     SeeInvis +     M - +7 dagger (drain) (curse)
rCold  + + .     Gourm    .     O - +5 robe "Gujeufuq" {rF+}
rNeg   + + .     Faith    .     (no shield)
rPois  +         Spirit   .     u - +2 helmet
rElec  .         Dismiss  .     Q - +2 cloak {MR+}
rCorr  .         Reflect  .     o - +0 pair of gloves (curse)
SustAt .         Harm     .     l - +2 pair of boots
MR     +++..     Clarity  +     s - amulet of regeneration
Stlth  +++++++++.               C - ring of protection from magic
                                b - ring of stealth (curse)

@: regenerating slowly, studying Poison Magic, extremely resistant to hostile
enchantments, incredibly stealthy
A: fangs 3, see invisible, clarity, clumsy 1, cold resistance 1, strong 1,
unbreathing
a: Bat Form, Curse Item, Scrying, Transfer Knowledge, Renounce Religion


You were on level 2 of the Orcish Mines.
You worshipped Ashenzari.
Ashenzari was extremely pleased with you.
You were thirsty.

You visited 3 branches of the dungeon, and saw 19 of its levels.
You also visited: Labyrinth.

You collected 2176 gold pieces.
You spent 160 gold pieces at shops.

Inventory:

Hand Weapons
 g - a +3 dagger of freezing
 M - a cursed +7 dagger of draining (weapon)
Armour
 l - a +2 pair of boots (worn)
 m - a +0 buckler
 o - a cursed +0 pair of gloves (worn)
 u - a +2 helmet (worn)
 O - the +5 robe "Gujeufuq" (worn) {rF+}
   (You found it in a labyrinth)

   It protects you from fire.
 Q - a +2 cloak of magic resistance (worn)
Jewellery
 b - a cursed ring of stealth (left hand)
 s - an amulet of regeneration (around neck)
 B - an uncursed ring of resist corrosion
 C - a ring of protection from magic (right hand)
 J - an uncursed ring of protection from cold
 P - an uncursed ring of protection from cold
Wands
 j - a wand of digging (0/24)
 k - a wand of disintegration (10/24)
 p - a wand of digging (6/24)
 A - a wand of disintegration (10/24)
Scrolls
 a - 9 scrolls of identify
 q - 6 scrolls of fog
 r - a scroll of magic mapping
 x - 2 scrolls of recharging
 y - 3 scrolls of teleportation
 D - 2 scrolls of vulnerability
 E - a scroll of noise
 L - 2 scrolls of blinking
Potions
 d - 3 potions of blood
 e - 4 potions of flight
 f - 2 potions of heal wounds
 h - 2 potions of invisibility
 t - 2 potions of lignification
 v - a potion of cure mutation
 z - 2 potions of brilliance
 G - 3 potions of ambrosia
 H - 2 potions of curing
 N - a potion of haste
Books
 c - a book of Maledictions

   Spells                             Type                      Level
   a - Corona                         Hexes                        1
   b - Ensorcelled Hibernation        Hexes/Ice                    2
   c - Confuse                        Hexes                        3
   d - Tukima's Dance                 Hexes                        3
   e - Dazzling Spray                 Conjuration/Hexes            3
 w - a book of Fire

   Spells                             Type                      Level
   a - Ignite Poison                  Fire/Transmutation/Poison    3
   b - Fireball                       Conjuration/Fire             5
   c - Bolt of Fire                   Conjuration/Fire             6
   d - Delayed Fireball               Conjuration/Fire             7
   e - Ring of Flames                 Charms/Fire                  7
 F - a manual of Poison Magic
 K - Qamuxzuehi's Second Course in Theurgy
   (You found it in a labyrinth)

   Spells                             Type                      Level
   a - Iskenderun's Battlesphere      Conjuration/Charms           5
   b - Venom Bolt                     Conjuration/Poison           5
   c - Metabolic Englaciation         Hexes/Ice                    5
   d - Silence                        Hexes/Air                    5
   e - Yara's Violent Unravelling     Hexes/Transmutation          5
   f - Summon Forest                  Summoning/Translocation      5


   Skills:
 + Level 7.9 Fighting
 + Level 9.3(13.1) Short Blades
 + Level 11.8 Dodging
 + Level 19.5 Stealth
 + Level 0.8 Shields
 + Level 9.0 Spellcasting
 + Level 11.7 Hexes
 + Level 5.2 Ice Magic
 + Level 0.5 Evocations


You had 14 spell levels left.
You knew the following spells:

 Your Spells              Type           Power        Failure   Level  Hunger
a - Corona                Hex            ######.      1%          1    None
b - Ensorcelled Hibernat  Hex/Ice        #####.       1%          2    None
c - Tukima's Dance        Hex            ######..     1%          3    None
d - Confuse               Hex            ######..     1%          3    None
e - Dazzling Spray        Conj/Hex       ####....     2%          3    None
f - Metabolic Englaciati  Hex/Ice        #####.....   10%         5    #####..


Dungeon Overview and Level Annotations

Branches:
Dungeon (11/15)            Temple (0/1) D:6            Lair (6/8) D:8
  Swamp (0/4) Lair:3       Spider (0/4) Lair:5          Orc (2/2) D:11
    Elf (0/3) Orc:2
  Slime: Lair:6-8

Altars:
Ashenzari
Dithmenos
Elyvilon
Fedhas
Kikubaaqudgha
Nemelex Xobeh
Okawaru
Ru
Trog
Vehumet
Yredelemnul
Zin
The Shining One

Shops:
D:6 [   Orc:1 [   Orc:2 *

Annotations:
D:5 blejac99's ghost, novice HuFi


Innate Abilities, Weirdness & Mutations

You heal slowly.
You have razor-sharp teeth.
You have supernaturally acute eyesight.
You can survive without breathing.
You possess an exceptional clarity of mind.
You are clumsy. (Dex -2)
Your flesh is cold resistant.
Your muscles are strong. (Str +2)


Message History

The orc high priest hits the ice devil but does no damage.
The orc high priest misses you. The sun demon hits you!!
* * * LOW HITPOINT WARNING * * *
You are engulfed in flames!
You resist.
* * * LOW HITPOINT WARNING * * *
You puncture the orc high priest!
The orc high priest is heavily wounded.
The sun demon hits you but does no damage.
The ice devil closely misses you.
The orange demon stings you but does no damage.
You hit the orc high priest. You drain the orc high priest!
The orc high priest is severely wounded.
The orc high priest completely misses you.
The sun demon closely misses you.
You puncture the orc high priest!
The orc high priest is severely wounded.
The sun demon hits you.
* * * LOW HITPOINT WARNING * * *
You are engulfed in flames!
You resist.
You die...

, #.## ####...............# , *
#..## ##............(....## ,,
#...####.....#.#.........## *
##...##......###.........#
#...........####.........###
######...o.)[[[...#.............#
.....#...[[#[##o{##..............
.....#...))[###3###..............
..{{.o.....## #o@.....##.........
.{o.......## ##.43.....##.#......
.o.o.....## #4.....#######......
........## #........# ###.....
........# #.......#####.......
.....#.## #.........##.......#
.....#.# #...#...............
######## ##..#............... *
##.#....).......###


You could see 2 orc high priests, 2 sun demons, an orange demon and an ice
devil.

Vanquished Creatures
  Gastronok (Lair:3)
  Maud (Lair:3)
  The ghost of kolansburg the Fighter, a journeyman MiFi of Okawaru (Lair:2)
  The ghost of Kloppie the Carver, a journeyman MiGl of Okawaru (Lair:3)
  Azrael (Orc:2)
  A minotaur (Lab)
  4 hydras
  Harold (D:11)
  Erica (Lair:2)
  Erolcha (D:9)
  3 death yaks (Lair:6)
  Urug (Lair:3)
  An unseen horror (D:11)
  Pikel (D:8)
  3 hill giants
  An orc sorcerer (Orc:2)
  An ugly thing (D:11)
  An oklob plant (Lair:3)
  7 elephants
  3 black mambas
  10 spiny frogs
  A torpor snail (Lair:6)
  3 rime drakes
  6 komodo dragons
  A kobold demonologist (D:9)
  2 trolls (Orc:2)
  2 two-headed ogres
  8 blink frogs (Lair:4)
  3 shadows
  A spriggan (Lair:1)
  15 yaks
  2 wyverns
  4 hungry ghosts
  2 basilisks (Lair:1)
  5 fire elementals
  6 hippogriffs
  2 wargs (Orc:2)
  Menkaure (D:7)
  2 hell hounds (Orc:2)
  A soldier ant (D:11)
  8 water moccasins
  8 porcupines
  Duvessa (D:7)
  3 black bears
  2 sky beasts
  14 orc warriors
  4 ice beasts
  3 slaves (D:8)
  A phantom (D:7)
  A wasp (D:10)
  A necrophage (D:10)
  9 ogres
  9 wolves
  8 centaurs
  4 crocodiles
  3 big kobolds
  11 giant frogs
  Dowan (D:7)
  4 scorpions
  19 killer bees
  10 wights
  An electric eel (D:9)
  2 howler monkeys (D:9)
  A jelly (D:9)
  3 crimson imps
  8 hounds
  A quasit (D:10)
  A centaur skeleton (D:4)
  2 centaur zombies
  14 orc priests
  Crazy Yiuf (D:7)
  A giant frog skeleton (D:6)
  20 orc wizards
  10 iguanas
  Jessica (D:3)
  12 worker ants
  10 sheep
  A hound skeleton (D:6)
  A hound zombie (D:10)
  6 gnolls
  14 adders
  39 river rats
  A white imp (D:4)
  2 adder zombies
  An adder skeleton (D:4)
  2 worms (D:3)
  4 dart slugs
  5 giant geckos
  74 orcs
  3 bats
  7 giant cockroaches
  5 goblins
  7 hobgoblins
  6 jackals
  13 kobolds
  6 quokkas
  A giant gecko skeleton (D:6)
  6 giant newts
  3 goblin skeletons (D:4)
  2 hobgoblin zombies (D:4)
  An orc skeleton (D:4)
  2 orc zombies (D:4)
  5 rats
  3 butterflies (Lair:1)
  2 fungi
546 creatures vanquished.

Vanquished Creatures (collateral kills)
  An orc warlord (Orc:2)
  3 orc warriors
  A centaur (D:7)
  A wight (D:11)
  An orc priest (D:11)
  An orc wizard (Orc:2)
  A gnoll (D:5)
  8 orcs
17 creatures vanquished.

Vanquished Creatures (others)
  A dancing weapon (Orc:2)
  A fire elemental (Orc:2)
  An orc wizard (D:9)
  2 fungi
  9 plants
14 creatures vanquished.

Grand Total: 577 creatures vanquished

Notes
Turn   | Place    | Note
--------------------------------------------------------------
     0 | D:1      | Lul the Vampire Enchanter began the quest for the Orb.
     0 | D:1      | Reached XP level 1. HP: 13/13 MP: 3/3
   560 | D:1      | Reached XP level 2. HP: 19/19 MP: 5/5
   809 | D:2      | Learned a level 2 spell: Ensorcelled Hibernation
  1112 | D:2      | Reached skill level 5 in Stealth
  1170 | D:2      | Reached skill level 5 in Hexes
  1457 | D:2      | Reached XP level 3. HP: 15/24 MP: 6/6
  1859 | D:3      | Found a sparkling altar of Nemelex Xobeh.
  1998 | D:3      | Noticed Jessica
  2059 | D:3      | Killed Jessica
  2059 | D:3      | Reached XP level 4. HP: 31/31 MP: 4/7
  2202 | D:3      | Reached skill level 1 in Fighting
  2509 | D:3      | Reached skill level 6 in Stealth
  2509 | D:3      | Reached XP level 5. HP: 23/37 MP: 3/8
  2795 | D:3      | Reached skill level 1 in Ice Magic
  2807 | D:3      | Found an iron altar of Okawaru.
  2946 | D:3      | Learned a level 3 spell: Tukima's Dance
  3050 | D:4      | Reached XP level 6. HP: 41/43 MP: 8/10
  3146 | D:4      | Learned a level 3 spell: Confuse
  3335 | D:4      | Found a shadowy altar of Dithmenos.
  3364 | D:4      | Reached skill level 7 in Stealth
  3427 | D:4      | Found a glowing golden altar of the Shining One.
  3627 | D:4      | Found a blossoming altar of Fedhas.
  3804 | D:4      | Reached XP level 7. HP: 48/48 MP: 7/12
  3939 | D:5      | Entered Level 5 of the Dungeon
  4204 | D:5      | Gained mutation: Your muscles are strong. (Str +2) [potion of mutation]
  4204 | D:5      | Gained mutation: You possess an exceptional clarity of mind. [potion of mutation]
  4207 | D:5      | Found a shattered altar of Ashenzari.
  4215 | D:5      | Became a worshipper of Ashenzari the Shackled
  4283 | D:5      | Found a bloodstained altar of Trog.
  4394 | D:5      | Noticed blejac99's ghost (novice HuFi)
  4969 | D:6      | Reached skill level 8 in Stealth
  5024 | D:6      | Reached XP level 8. HP: 56/56 MP: 14/14
  5141 | D:6      | Reached skill level 9 in Stealth
  5227 | D:6      | Found Zadwipug's Armour Boutique.
  5384 | D:6      | Reached skill level 10 in Stealth
  5456 | D:6      | Reached skill level 5 in Dodging
  5565 | D:6      | Learned a level 3 spell: Dazzling Spray
  5663 | D:6      | Found a staircase to the Ecumenical Temple.
  5778 | D:6      | Found a white marble altar of Elyvilon.
  5827 | D:6      | Reached skill level 5 in Spellcasting
  6124 | D:7      | Noticed Menkaure
  6176 | D:7      | Killed Menkaure
  6176 | D:7      | Reached skill level 11 in Stealth
  6176 | D:7      | Reached XP level 9. HP: 62/62 MP: 12/16
  6220 | D:7      | Reached * piety under Ashenzari
  6330 | D:7      | Noticed Crazy Yiuf
  6334 | D:7      | Killed Crazy Yiuf
  6494 | D:7      | Identified the cursed +1 ring mail of the Catfish {rN+}
  6537 | D:7      | Noticed Duvessa
  6537 | D:7      | Noticed Dowan
  6546 | D:7      | Killed Duvessa
  6548 | D:7      | Killed Dowan
  6569 | D:7      | Found a basalt altar of Yredelemnul.
  7331 | D:8      | Noticed Pikel
  7345 | D:8      | Killed Pikel
  7395 | D:8      | Found a sacrificial altar of Ru.
  7395 | D:8      | Found a glowing silver altar of Zin.
  7397 | D:8      | Found a radiant altar of Vehumet.
  7438 | D:8      | Got the cursed dagger of Descent {pierce, rC+}
  7439 | D:8      | Identified the cursed +0 dagger of Descent {pierce, rC+} (You found it on level 8 of the Dungeon)
  7459 | D:8      | Found a staircase to the Lair.
  7486 | D:8      | Gained mutation: Your flesh is cold resistant. [potion of mutation]
  7486 | D:8      | Gained mutation: You are clumsy. (Dex -2) [potion of mutation]
  7866 | Lair:1   | Entered Level 1 of the Lair of Beasts
  7866 | Lair:1   | Noticed a rime drake
  7881 | Lair:1   | Killed a rime drake
  7882 | Lair:1   | Noticed a spiny frog
  7888 | Lair:1   | Killed a spiny frog
  7888 | Lair:1   | Reached skill level 5 in Short Blades
  7888 | Lair:1   | Reached XP level 10. HP: 73/73 MP: 13/18
  8027 | Lair:1   | Noticed a spiny frog
  8028 | Lair:1   | Noticed an elephant
  8044 | Lair:1   | Killed an elephant
  8044 | Lair:1   | Reached skill level 5 in Fighting
  8057 | Lair:1   | Reached skill level 12 in Stealth
  8069 | Lair:1   | Killed a spiny frog
  8237 | Lair:1   | Noticed a spiny frog
  8252 | Lair:1   | Killed a spiny frog
  8485 | Lair:1   | Noticed a spiny frog
  8501 | Lair:1   | Killed a spiny frog
  8781 | Lair:1   | Reached skill level 13 in Stealth
  8807 | Lair:1   | Noticed a death yak
  8808 | Lair:1   | Noticed a death yak
  8825 | Lair:1   | Noticed a death yak
  8886 | Lair:1   | Reached ** piety under Ashenzari
  9014 | Lair:2   | Noticed an eight-headed hydra
  9015 | Lair:2   | Killed an eight-headed hydra
  9035 | Lair:2   | Noticed kolansburg's ghost (journeyman MiFi)
  9112 | Lair:1   | Reached XP level 11. HP: 79/83 MP: 16/19
  9196 | Lair:1   | Identified the +11 hunting sling of the Owl {flame, rPois rN+ Str+2}
  9319 | Lair:2   | Noticed Erica
  9326 | Lair:2   | Killed Erica
  9559 | Lair:2   | Reached skill level 14 in Stealth
  9654 | Lair:2   | Noticed an eight-headed hydra
  9682 | Lair:2   | Killed an eight-headed hydra
  9781 | Lair:2   | Killed kolansburg's ghost
 10343 | Lair:3   | Noticed Maud
 10357 | Lair:3   | Killed Maud
 10357 | Lair:3   | Reached skill level 15 in Stealth
 10392 | Lair:3   | Noticed Urug
 10434 | Lair:3   | Killed Urug
 10470 | Lair:3   | Reached *** piety under Ashenzari
 10517 | Lair:3   | Noticed Kloppie's ghost (journeyman MiGl)
 10547 | Lair:3   | Killed Kloppie's ghost
 10547 | Lair:3   | Reached XP level 12. HP: 85/91 MP: 6/21
 10681 | Lair:3   | Noticed Gastronok
 10683 | Lair:3   | Killed Gastronok
 10683 | Lair:3   | Reached skill level 10 in Dodging
 10683 | Lair:3   | Reached skill level 16 in Stealth
 10687 | Lair:3   | Found a staircase to the Swamp.
 11238 | Lair:4   | Reached skill level 17 in Stealth
 11785 | Lair:4   | Noticed a seven-headed hydra
 11792 | Lair:4   | Killed a seven-headed hydra
 12307 | Lair:4   | Reached skill level 10 in Hexes
 13087 | Lair:5   | Identified a +0 rod of inaccuracy (10/10) (You found it on level 5 of the Lair of Beasts)
 13139 | Lair:5   | Found a hole to the Spider Nest.
 13769 | Lair:6   | Reached **** piety under Ashenzari
 13769 | Lair:6   | Noticed an eight-headed hydra
 13769 | Lair:6   | Noticed a death yak
 13769 | Lair:6   | Noticed a death yak
 13770 | Lair:6   | Killed an eight-headed hydra
 13806 | Lair:6   | Found a labyrinth entrance.
 13813 | Lair:5   | Reached skill level 18 in Stealth
 13813 | Lair:5   | Reached XP level 13. HP: 96/96 MP: 21/24
 13887 | Lab      | Entered a labyrinth
 14921 | Lab      | Identified the +8 greatsling "Guh Ytt" {freeze, rPois rF+}
 14948 | Lab      | Noticed a minotaur
 14953 | Lab      | Killed a minotaur
 14955 | Lab      | Identified Qamuxzuehi's Second Course in Theurgy
 14956 | Lab      | Identified the +12 hand axe of Duty {flame, rN+} (You found it in a labyrinth)
 14956 | Lab      | Identified the +5 robe "Gujeufuq" {rF+} (You found it in a labyrinth)
 15113 | Lair:6   | Learned a level 5 spell: Metabolic Englaciation
 16243 | D:9      | Noticed Erolcha
 16459 | D:9      | Killed Erolcha
 16518 | D:9      | Found an ancient bone altar of Kikubaaqudgha.
 16604 | D:10     | Entered Level 10 of the Dungeon
 16832 | D:10     | Reached skill level 19 in Stealth
 17963 | D:11     | Noticed Harold
 17980 | D:11     | Killed Harold
 18307 | D:11     | Found a staircase to the Orcish Mines.
 18583 | Orc:1    | Entered Level 1 of the Orcish Mines
 18918 | Orc:1    | Found Heungurosyrr's Antique Armour Boutique.
 18933 | Orc:1    | Bought a runed cloak for 121 gold pieces
 19084 | Orc:2    | Entered Level 2 of the Orcish Mines
 19085 | Orc:2    | Found a staircase to the Elven Halls.
 19139 | Orc:2    | Noticed an orc warlord
 19172 | Orc:2    | Killed an orc warlord
 19172 | Orc:2    | Reached skill level 5 in Ice Magic
 19392 | Orc:2    | Found Neom's General Store.
 19426 | Orc:2    | Bought a scroll of remove curse for 39 gold pieces
 19442 | Orc:2    | Noticed Azrael
 19619 | Orc:1    | Reached XP level 14. HP: 52/104 MP: 20/26
 19736 | Orc:2    | Killed Azrael
 19812 | Orc:2    | Reached ***** piety under Ashenzari
 19991 | Orc:2    | Slain by a sun demon

Skill      XL: |  1  2  3  4  5  6  7  8  9 10 11 12 13 14 |
---------------+-------------------------------------------+-----
Stealth        | 5 6 7 8 11 13 15 18 19 | 19.5
Hexes          | 5 6 7 8 10 11 | 11.7
Dodging        | 3 4 5 7 8 9 10 11 | 11.8
Fighting       | 1 2 4 6 7 |  7.9
Ice Magic      | 1 2 3 4 5 |  5.2
Spellcasting   | 3 4 5 6 7 8 9 |  9.0
Short Blades   | 2 5 7 8 9 |  9.3
Shields        | |  0.8
Evocations     | |  0.5

Action                   |  1- 3 |  4- 6 |  7- 9 | 10-12 | 13-15 || total
-------------------------+-------+-------+-------+-------+-------++-------
Melee: Dagger            |   178 |   182 |   338 |   594 |  1052 ||  2344
       Bite              |    16 |    13 |    29 |    69 |   117 ||   244
 Cast: Corona            |    10 |    15 |     4 |    11 |     2 ||    42
       Ensorcelled Hiber |     1 |    26 |    48 |    69 |    32 ||   176
       Confuse           |       |     2 |    24 |    48 |    29 ||   103
       Tukima's Dance    |       |       |     5 |       |    15 ||    20
       Metabolic Englaci |       |       |       |       |    15 ||    15
Invok: Curse Item        |       |       |     2 |       |     1 ||     3
 Abil: End Transformatio |       |       |       |     2 |     6 ||     8
       Bat Form          |       |       |       |     2 |     6 ||     8
Evoke: Wand              |       |       |       |     1 |     5 ||     6
  Use: Scroll            |     6 |       |    10 |     7 |    11 ||    34
       Potion            |     8 |     1 |    29 |     2 |    10 ||    50
 Stab: Sleeping          |     9 |    31 |    50 |    78 |    64 ||   232
       Confused          |       |     1 |    15 |    38 |    11 ||    65
       Distracted        |       |       |     1 |     1 |     3 ||     5
  Eat: Corpse            |     4 |     1 |     2 |     4 |     7 ||    18
Armor: Robe              |    44 |    39 |    48 |    59 |   187 ||   377
Dodge: Dodged            |   114 |    94 |   204 |   352 |   699 ||  1463
Block: Buckler           |       |       |       |       |     9 ||     9
